 Dungeon Crawl Stone Soup version bcrawl-1.37.1 (webtiles) character file.

Game seed: 11754796342401805115

222057 Finster the Sneak (level 6, -12/50 HPs)
             Began as a Gnoll Sloth Apostle on Oct 16, 2022.
             Was a Follower of Cheibriados.
             Mangled by an ogre
             ... wielding a +0 giant spiked club
              (17 damage)
             ... on level 2 of the Dungeon.
             The game lasted 00:08:24 (1843 turns).

Finster the Sneak (Gnoll Sloth Apostle)             Turns: 1843, Time: 00:08:25

Health: -12/50     AC:  2    Str: 19    XL:     6   Next: 11%
Magic:  11/11      EV:  9    Int: 18    God:    Cheibriados [*.....]
Gold:   142        SH: 12    Dex: 17    Spells: 10/11 levels left

rFire    . . .     GDR:     30% a - +0 falchion
rCold    + . .     SeeInvis .   c - +0 medium shield
rNeg     . . .     Gourm    +   b - +0 robe
rPois    .         Faith    .   (no helmet)
rElec    +         Spirit   .   (no cloak)
rCorr    .         Reflect  .   (no gloves)
MR       .....     Clarity  +   (no boots)
Stlth    ++++......             h - amulet of the gourmand
HPRegen  0.18/turn              j - ring of protection from cold
MPRegen  0.12/turn              o - ring of insulation

@: very slow
A: distributed training, fangs 1, strong nose
a: Bend Time, Renounce Religion


You were on level 2 of the Dungeon.
You worshipped Cheibriados.
Cheibriados was aware of your devotion.
You were very full.

You visited 1 branch of the dungeon, and saw 2 of its levels.

You collected 142 gold pieces.

Inventory:

Hand Weapons
 a - a +0 falchion (weapon)
Armour
 b - a +0 robe (worn)
 c - a +0 medium shield (worn)
 l - a +0 pair of gloves
 s - a +0 helmet
Jewellery
 h - an amulet of the gourmand (around neck)
 j - a ring of protection from cold (left hand)
 o - a ring of insulation (right hand)
Wands
 d - a wand of paralysis (8)
 r - a wand of digging (8)
Scrolls
 i - a scroll of remove curse {unknown}
 n - a scroll of amnesia {unknown}
 q - a scroll of teleportation {unknown}
Potions
 f - a potion of might {unknown}
 g - 2 potions of magic
 k - 2 potions of brilliance
 m - 2 potions of curing
Comestibles
 e - 10 rations {!d}


   Skills:
 + Level 4.9 Fighting
 + Level 1.8 Short Blades
 + Level 4.9 Long Blades
 + Level 1.8 Axes
 + Level 1.8 Maces & Flails
 + Level 1.8 Polearms
 + Level 1.8 Staves
 + Level 1.8 Slings
 + Level 1.8 Bows
 + Level 1.8 Crossbows
 + Level 1.8 Throwing
 + Level 1.8 Armour
 + Level 1.8 Dodging
 + Level 6.8 Stealth
 + Level 4.9 Shields
 + Level 1.8 Unarmed Combat
 + Level 3.3 Spellcasting
 + Level 1.4 Conjurations
 + Level 4.0 Hexes
 + Level 1.4 Charms
 + Level 1.4 Summonings
 + Level 1.4 Necromancy
 + Level 1.4 Translocations
 + Level 1.4 Transmutations
 + Level 1.4 Fire Magic
 + Level 1.4 Ice Magic
 + Level 1.4 Air Magic
 + Level 1.4 Earth Magic
 + Level 1.4 Poison Magic
 + Level 2.0 Invocations
 + Level 3.1 Evocations


You had 10 spell levels left.
You knew the following spells:

 Your Spells              Type           Power        Failure   Level  Hunger
a - Slow                  Hex            ###.....     32%         1    None
Your spell library was empty.

Dungeon Overview and Level Annotations

Branches:
Dungeon (2/12)

Altars:
Wu Jian


Innate Abilities, Weirdness & Mutations

Your experience applies equally to all skills.
You have very sharp teeth.
Your uncanny sense of smell can sniff out nearby items.


Message History

The ogre is moderately wounded.
You slash the ogre!
The ogre is heavily wounded.
The ogre closely misses you.
You barely miss the ogre. Your bite misses the ogre.
The ogre is heavily wounded.
You block the ogre's attack.
You hit the ogre but do no damage.
The ogre is heavily wounded.
You block the ogre's attack.
You hit the ogre.
The ogre is severely wounded.
The ogre hits you with a +0 giant spiked club!
* * * LOW HITPOINT WARNING * * *
You hit the ogre but do no damage.
The ogre is severely wounded.
You hit the ogre.
The ogre is almost dead.
The ogre hits you with a +0 giant spiked club!
You die...

######## #### #.@O...#
#... #.####.# #.## #.#
#.# #.# #.# #.#
#####.## #.#
##+#####>...... #.#
#......#.###.##
#####.###......#(......
#..............#.###.##


You could see an ogre.

Vanquished Creatures
  Sigmund (D:2)
  Robin (D:2)
  An adder (D:2)
  2 oozes (D:2)
  A dart slug (D:1)
  3 leopard geckos (D:1)
  14 goblins
  14 hobgoblins
  3 kobolds
  A quokka (D:2)
  2 bats (D:1)
  A frilled lizard (D:1)
  6 rats
50 creatures vanquished.

Notes
Turn   | Place    | Note
-------+----------+-------------------------------------------
     0 | D:1      | Finster the Gnoll Sloth Apostle began the quest for the
                  | Orb.
     0 | D:1      | Reached XP level 1. HP: 20/20 MP: 4/4
   135 | D:1      | Reached XP level 2. HP: 26/26 MP: 5/5
   575 | D:1      | Reached XP level 3. HP: 31/31 MP: 7/7
   787 | D:1      | Reached * piety under Cheibriados
  1166 | D:2      | Noticed Sigmund
  1177 | D:2      | Killed Sigmund
  1178 | D:2      | Reached skill level 1 in Short Blades
  1178 | D:2      | Reached skill level 1 in Axes
  1178 | D:2      | Reached skill level 1 in Maces & Flails
  1178 | D:2      | Reached skill level 1 in Polearms
  1178 | D:2      | Reached skill level 1 in Staves
  1178 | D:2      | Reached skill level 1 in Slings
  1178 | D:2      | Reached skill level 1 in Bows
  1178 | D:2      | Reached skill level 1 in Crossbows
  1178 | D:2      | Reached skill level 1 in Throwing
  1178 | D:2      | Reached skill level 1 in Armour
  1178 | D:2      | Reached skill level 1 in Dodging
  1178 | D:2      | Reached skill level 1 in Unarmed Combat
  1178 | D:2      | Reached skill level 1 in Conjurations
  1178 | D:2      | Reached skill level 1 in Charms
  1178 | D:2      | Reached skill level 1 in Summonings
  1178 | D:2      | Reached skill level 1 in Necromancy
  1178 | D:2      | Reached skill level 1 in Translocations
  1178 | D:2      | Reached skill level 1 in Transmutations
  1178 | D:2      | Reached skill level 1 in Fire Magic
  1178 | D:2      | Reached skill level 1 in Ice Magic
  1178 | D:2      | Reached skill level 1 in Air Magic
  1178 | D:2      | Reached skill level 1 in Earth Magic
  1178 | D:2      | Reached skill level 1 in Poison Magic
  1178 | D:2      | Reached skill level 1 in Invocations
  1178 | D:2      | Reached XP level 4. HP: 38/38 MP: 8/8
  1178 | D:2      | Reached XP level 5. HP: 43/43 MP: 9/9
  1233 | D:2      | Noticed Robin
  1423 | D:2      | Killed Robin
  1424 | D:2      | Reached XP level 6. HP: 50/50 MP: 10/10
  1760 | D:2      | Found an ornate altar of the Wu Jian Council.
  1843 | D:2      | Mangled by an ogre

Skill      XL: |  1  2  3  4  5  6 |
---------------+-------------------+-----
Short Blades   | 1 |  1.8
Axes           | 1 |  1.8
Maces & Flails | 1 |  1.8
Polearms       | 1 |  1.8
Staves         | 1 |  1.8
Slings         | 1 |  1.8
Bows           | 1 |  1.8
Crossbows      | 1 |  1.8
Throwing       | 1 |  1.8
Armour         | 1 |  1.8
Dodging        | 1 |  1.8
Unarmed Combat | 1 |  1.8
Spellcasting   | 3 |  3.3
Conjurations   | 1 |  1.4
Hexes          | 4 |  4.0
Charms         | 1 |  1.4
Summonings     | 1 |  1.4
Necromancy     | 1 |  1.4
Translocations | 1 |  1.4
Transmutations | 1 |  1.4
Fire Magic     | 1 |  1.4
Ice Magic      | 1 |  1.4
Air Magic      | 1 |  1.4
Earth Magic    | 1 |  1.4
Poison Magic   | 1 |  1.4
Invocations    | 1 2 |  2.0
Evocations     | 3 |  3.1
Fighting       | |  4.9
Long Blades    | |  4.9
Stealth        | |  6.8
Shields        | |  4.9

Action                   |  1- 3 |  4- 6 || total
-------------------------+-------+-------++-------
Melee: Falchion          |    58 |    78 ||   136
       Bite              |     5 |    11 ||    16
Evoke: Wand              |     1 |     1 ||     2
  Use: Scroll            |     2 |     1 ||     3
 Stab: Sleeping          |    11 |     5 ||    16
       Paralysed         |     4 |     4 ||     8
  Eat: Chunk             |    17 |     3 ||    20
Armor: Robe              |     7 |     5 ||    12
Dodge: Dodged            |     7 |    20 ||    27
Block: Medium shield     |    31 |    51 ||    82
